 Dungeon Sprint DCSS version 0.22.1-1-ga44c0e56f4 (webtiles) character file.

429 Freyura the Fighter (level 6, -6/59 HPs)
             Began as a Demonspawn Berserker on Oct 5, 2018.
             Was a Believer of Trog.
             Killed by an exploding ballistomycete spore (32 damage)
             ... set off by themself
             ... in the Dungeon (Sprint I: "Red Sonja").
             The game lasted 00:04:24 (818 turns).

Freyura the Fighter (Demonspawn Berserker)           Turns: 818, Time: 00:04:25

Health: -6/59      AC:  7    Str: 17    XL:     6   Next: 66%
Magic:  6/6        EV: 15    Int:  9    God:    Trog [**....]
Gold:   249        SH:  0    Dex: 14    Spells: 5/5 levels left

rFire    . . .     SeeInvis .   a - +0 mace
rCold    . . .     Gourm    .   (no shield)
rNeg     . . .     Faith    .   j - +3 leather armour {rPois}
rPois    +         Spirit   .   (no helmet)
rElec    .         Reflect  .   (no cloak)
rCorr    .         Harm     .   (no gloves)
MR       .....     NoTele   +   (no boots)
Stlth    +.........             (no amulet)
HPRegen  0.19/turn              (no ring)
MPRegen  0.10/turn              (no ring)

@: confused
A: hooves 1, rugged brown scales 1, demonic guardian 1
a: Berserk, Trog's Hand, Renounce Religion


You were in the Dungeon.
You worshipped Trog.
Trog was pleased with you.
You were full.

You visited 1 branch You collected 405 gold pieces.
You spent 156 gold pieces at shops.

Inventory:

Hand Weapons
 a - a +0 mace (weapon)
Armour
 b - a +0 animal skin
 j - a +3 leather armour of poison resistance (worn)
Scrolls
 i - a scroll of blinking
Potions
 d - 2 potions of curing
 e - 2 potions of heal wounds
 f - a potion of haste
 g - 2 potions of magic
 h - a potion of berserk rage
 k - a potion of lignification {unknown}
Comestibles
 c - a ration


   Skills:
 + Level 9.1 Fighting
 + Level 8.2 Maces & Flails
 + Level 4.1 Armour
 + Level 5.8 Dodging
 + Level 2.8 Stealth


You had 5 spell levels left.
You didn't know any spells.
Your spell library was empty.

Dungeon Overview and Level Annotations

Branches:
Dungeon (1/1)

Altars:
Cheibriados
Dithmenos
Elyvilon
Fedhas
Gozag
Hepliaklqana
Kikubaaqudgha
Nemelex Xobeh
Okawaru
Qazlal
Ru
Sif Muna
Trog
Uskayaw
Vehumet
Wu Jian
Yredelemnul
Zin
The Shining One

Shops:
D *

Annotations:
D Sonja


Innate Abilities, Weirdness & Mutations

You have large cloven feet.
You are partially covered in rugged brown scales. (AC +1, +3% HP)
A weak demonic guardian rushes to your aid.


Message History

You see here a curare-tipped needle.
You now have 168 gold pieces (gained 27).
You now have 195 gold pieces (gained 27).
You now have 222 gold pieces (gained 27).
You now have 249 gold pieces (gained 27).
You see here a curare-tipped needle.
You open the door. 2 ballistomycete spores come into view.
Found 87 gold pieces, 2 potions of curing, 16 stones and a pair of gloves.
You hit the ballistomycete spore.
The ballistomycete spore explodes!
The explosion of spores engulfs the ballistomycete spore.
The ballistomycete spore explodes!
The explosion of spores engulfs you!
You are confused.
Ouch! That really hurt!
The explosion of spores engulfs you!
You are more confused.
Ouch! That really hurt!
You die...

#..#__####..##:#
#..#_____##'#_.+
#⌠⌠#_.∩..÷'..._#
####_..__##_.#'#
#_____###(#.#
#########(###
+...+ #...#
##@## #'# !$!


$[$($ ####### There were no monsters in sight!

Vanquished Creatures
  Sigmund (D)
  A yak (D)
  An ogre (D)
  A jelly (D)
  Ijyb (D)
5 creatures vanquished.

Vanquished Creatures (others)
  A gargoyle (D)
  A ballistomycete spore (D)
2 creatures vanquished.

Grand Total: 7 creatures vanquished

Notes
Turn   | Place    | Note
-------+----------+-------------------------------------------
     0 | D        | Freyura the Demonspawn Berserker began the quest for the
                  | Orb.
     0 | D        | Reached XP level 1. HP: 18/18 MP: 1/1
     1 | D        | Noticed Ijyb
    72 | D        | Killed Ijyb
    72 | D        | Reached skill level 4 in Fighting
    72 | D        | Gained mutation: You have large cloven feet. [demonic
                  | ancestry]
    72 | D        | Reached XP level 2. HP: 12/26 MP: 2/2
   254 | D        | Noticed an ogre
   257 | D        | Killed an ogre
   257 | D        | Reached skill level 6 in Fighting
   257 | D        | Reached skill level 5 in Maces & Flails
   257 | D        | Gained mutation: You are partially covered in rugged brown
                  | scales. (AC +1, +3% HP) [demonic ancestry]
   257 | D        | Reached XP level 3. HP: 20/35 MP: 3/3
   257 | D        | Gained mutation: A weak demonic guardian rushes to your
                  | aid. [demonic ancestry]
   257 | D        | Reached XP level 4. HP: 23/41 MP: 4/4
   359 | D        | Killed a gargoyle
   436 | D        | Noticed Sigmund
   446 | D        | Killed Sigmund
   446 | D        | Reached ** piety under Trog
   446 | D        | Reached skill level 8 in Fighting
   446 | D        | Reached skill level 5 in Dodging
   446 | D        | Reached skill level 1 in Stealth
   446 | D        | Reached XP level 5. HP: 50/50 MP: 5/5
   467 | D        | Found an ornate altar of the Wu Jian Council.
   467 | D        | Found a deep blue altar of Sif Muna.
   469 | D        | Found a radiant altar of Vehumet.
   473 | D        | Reached XP level 6. HP: 57/57 MP: 6/6
   501 | D        | Found Haimigh's General Store.
   501 | D        | Found an ancient bone altar of Kikubaaqudgha.
   501 | D        | Found a hazy altar of Hepliaklqana.
   501 | D        | Found a stormy altar of Qazlal.
   501 | D        | Found a hide-covered altar of Uskayaw.
   501 | D        | Found a blossoming altar of Fedhas.
   501 | D        | Found a bloodstained altar of Trog.
   501 | D        | Found an iron altar of Okawaru.
   501 | D        | Found a basalt altar of Yredelemnul.
   501 | D        | Found a glowing golden altar of the Shining One.
   501 | D        | Found a snail-covered altar of Cheibriados.
   501 | D        | Found a sacrificial altar of Ru.
   501 | D        | Found a glowing silver altar of Zin.
   501 | D        | Found a shadowy altar of Dithmenos.
   501 | D        | Found a white marble altar of Elyvilon.
   501 | D        | Noticed a yak
   502 | D        | Found an opulent altar of Gozag.
   512 | D        | Killed a yak
   512 | D        | Reached skill level 9 in Fighting
   513 | D        | Found a sparkling altar of Nemelex Xobeh.
   517 | D        | Bought a potion of curing for 36 gold pieces
   517 | D        | Bought a ration for 60 gold pieces
   517 | D        | Bought a potion of heal wounds for 60 gold pieces
   594 | D        | Noticed Sonja
   818 | D        | Killed by an exploding ballistomycete spore... set off by
                  | themself

Skill      XL: |  1  2  3  4  5  6 |
---------------+-------------------+-----
Fighting       | 4 6 8 9 |  9.1
Maces & Flails | 4 5 7 8 |  8.2
Armour         | 2 3 4 |  4.1
Dodging        | 2 4 5 |  5.8
Stealth        | 1 2 |  2.8

Action                   |  1- 3 |  4- 6 || total
-------------------------+-------+-------++-------
Melee: Mace              |    38 |    17 ||    55
       Unarmed           |     4 |       ||     4
       Kick              |     1 |     3 ||     4
Invok: Berserk           |     1 |     1 ||     2
       Trog's Hand       |       |     1 ||     1
 Stab: Sleeping          |     1 |     1 ||     2
       Distracted        |       |     2 ||     2
  Eat: Ration            |       |     2 ||     2
Armor: Skin              |    17 |       ||    17
       Animal skin       |     3 |       ||     3
       Leather armour    |       |     5 ||     5
Dodge: Dodged            |    19 |    14 ||    33
